 Dungeon Crawl Stone Soup version 0.21-a0-476-gd103f4b (webtiles) character file.

43 tof the Skirmisher (level 3, -2/29 HPs)
             Began as a Demonspawn Berserker on Nov 22, 2017.
             Was a Believer of Trog.
             Slain by an adder (3 damage)
             ... on level 2 of the Dungeon.
             The game lasted 00:01:37 (1772 turns).

tof the Skirmisher (Demonspawn Berserker)           Turns: 1772, Time: 00:01:38

Health: -2/29      AC:  2    Str: 17    XL:     3   Next: 37%
Magic:  3/3        EV: 12    Int:  8    God:    Trog [**....]
Gold:   49         SH:  0    Dex: 13    Spells: 2/2 levels left

rFire    + . .     SeeInvis .   a - +0 falchion
rCold    . . .     Gourm    .   (no shield)
rNeg     . . .     Faith    .   b - +0 animal skin
rPois    .         Spirit   .   (no helmet)
rElec    .         Reflect  .   (no cloak)
rCorr    .         Harm     .   (no gloves)
MR       .....                  (no boots)
Stlth    ..........             (no amulet)
HPRegen  0.09/turn              d - ring of protection from fire (curse)
MPRegen  0.08/turn              f - ring of loudness (curse)

@: lethally poisoned (-2 -> -18)
A: foul stench 1, rot immunity
a: Berserk, Trog's Hand, Burn Spellbooks, Renounce Religion


You were on level 2 of the Dungeon.
You worshipped Trog.
Trog was pleased with you.
You were hungry.

You visited 1 branch of the dungeon, and saw 2 of its levels.

You collected 49 gold pieces.

Inventory:

Hand Weapons
 a - a +0 falchion (weapon)
Missiles
 k - 20 poisoned needles
Armour
 b - a +0 animal skin (worn)
 l - a +0 leather armour
Jewellery
 d - a cursed ring of protection from fire (left hand)
 f - a cursed ring of loudness (right hand)
Scrolls
 g - a scroll of teleportation {unknown}
 h - a scroll of immolation {unknown}
Potions
 e - a potion of agility {unknown}
Comestibles
 c - 3 bread rations
 i - a royal jelly
 j - 3 fruits


   Skills:
 + Level 3.3 Fighting
 * Level 3.3 Long Blades
 + Level 2.2 Armour
 + Level 2.2 Dodging


You had 2 spell levels left.
You didn't know any spells.

Dungeon Overview and Level Annotations

Branches:
Dungeon (2/15)

Altars:


Innate Abilities, Weirdness & Mutations

You may emit foul miasma when damaged in melee.
You are immune to rotting.


Message History

The adder bites you.
You are poisoned.
The adder poisons you!
The adder looks sick.
You closely miss the adder.
You feel sick. The adder bites you.
You are lethally poisoned!
The adder poisons you! The adder closely misses you.
The kobold is engulfed in dark miasma.
The kobold is poisoned.
The kobold closely misses you.
You riposte.
You hit the kobold.
You kill the kobold!
Trog accepts your kill. The adder bites you.
* * * LOW HITPOINT WARNING * * *
You are more poisoned.
The adder poisons you! The adder barely misses you.
You miss the adder.
* * * LOW HITPOINT WARNING * * *
You feel sick. The adder bites you.
* * * LOW HITPOINT WARNING * * *
The adder bites you.
You die...

S#..# #### ##....
#...###...... # #.....#
# #.##.#.##.# ≈
#...###...# ..
##.##.#.##.#
#####.##..#.SS..# # #..
.......@§#...#
#.#.###.##.#.##.#.#
#####.#...........#.#...
#.....####.###.#..#.#
.##
#.###<...#.).#.#..#.# .
#.#.....####.).#..#.# ..
#.#.........#######
#.#########.#
#.......#...#


You could see 2 adders.

Vanquished Creatures
  A gnoll (D:1)
  A dart slug (D:1)
  4 bats
  A giant cockroach (D:1)
  6 goblins
  6 hobgoblins
  5 kobolds
  4 rats
28 creatures vanquished.

Notes
Turn   | Place    | Note
-------+----------+-------------------------------------------
     0 | D:1      | tof the Demonspawn Berserker began the quest for the Orb.
     0 | D:1      | Reached XP level 1. HP: 18/18 MP: 1/1
   365 | D:1      | Gained mutation: You are immune to rotting. [demonic ancestry]
   365 | D:1      | Reached XP level 2. HP: 16/24 MP: 2/2
  1212 | D:1      | Gained mutation: You may emit foul miasma when damaged in melee. [demonic ancestry]
  1212 | D:1      | Reached XP level 3. HP: 29/29 MP: 3/3
  1645 | D:2      | Reached ** piety under Trog
  1772 | D:2      | HP: 1/29 [adder (5)]
  1772 | D:2      | Slain by an adder

Vault maps used:
D:1:      sevenhm_arrival_forest_fort_small_4
D:2:      fedhas_altar_2, ashenzari_conservatory_becter, minmay_tall_x

Skill      XL: |  1  2 |
---------------+-------+-----
Armour         | 2 |  2.2
Long Blades    | 3 |  3.3
Dodging        | 2 |  2.2
Fighting       | |  3.3

Action                   || total
-------------------------++-------
Melee: Falchion          ||    94
 Stab: Sleeping          ||     1
  Eat: Chunk             ||     2
Armor: Animal skin       ||    13
Dodge: Dodged            ||    75
       Rpst.: Falchion   ||    18

Table legend:
 A = Spawn XP
 B = Non-spawn XP
 C = Spawn XP percentage of total XP
 D = Spawn monster count
 E = Non-spawn monster count
 F = Spawn count percentage of total count
 G = Total turns spent on level
                    A         B        C        D         E        F      G
               +---------+---------+-------+---------+---------+-------+---------
         Total |       0 |      62 |   0.0 |       0 |      28 |   0.0 |  1772
               +---------+---------+-------+---------+---------+-------+---------
           D:1 |       0 |      50 |   0.0 |       0 |      21 |   0.0 |  1578
           D:2 |       0 |      12 |   0.0 |       0 |       7 |   0.0 |   194
               +---------+---------+-------+---------+---------+-------+---------
